 Dungeon Crawl Stone Soup version 0.24.1-4-ge52af88ad5 (webtiles) character file.

Game seed: 12390970631767745312, levelgen mode: deterministic

176 Kagerus the Poker (level 5, -1/38 HPs)
             Began as a Merfolk Skald on Apr 13, 2020.
             Slain by a hound (4 damage)
             ... on level 4 of the Dungeon.
             The game lasted 00:13:05 (4066 turns).

Kagerus the Poker (Merfolk Skald)                   Turns: 4066, Time: 00:13:06

Health: -1/38      AC:  4    Str: 12    XL:     5   Next: 56%
Magic:  10/10      EV: 12    Int: 12    God:
Gold:   87         SH:  3    Dex: 14    Spells: 8/11 levels left

rFire    . . .     SeeInvis .   a - +0 spear
rCold    . . .     Gourm    .   f - +0 buckler
rNeg     . . .     Faith    .   b - +1 leather armour
rPois    .         Spirit   .   (no helmet)
rElec    .         Reflect  .   (no cloak)
rCorr    .         Harm     .   (no gloves)
MR       .....                  (no boots)
Stlth    +.........             (no amulet)
HPRegen  0.12/turn              (no ring)
MPRegen  0.12/turn              (no ring)

@: no status effects
A: change form in water, swift swim, stealthy swim
a: no special abilities


You were on level 4 of the Dungeon.
You were not hungry.

You visited 1 branch of the dungeon, and saw 4 of its levels.

You collected 87 gold pieces.

Inventory:

Hand Weapons
 a - a +0 spear (weapon)
Missiles
 l - 2 poisoned darts (quivered)
Armour
 b - a +1 leather armour (worn)
 f - a +0 buckler (worn)
Scrolls
 c - 2 scrolls of noise
 h - 5 scrolls of identify
 j - a scroll of immolation
 k - 3 scrolls of amnesia
 m - 2 scrolls of enchant weapon
Potions
 e - a potion of lignification {unknown}
 g - a potion of flight
 p - a potion of curing
 q - a potion of mutation
Comestibles
 d - 10 rations
 i - a chunk of flesh


   Skills:
 - Level 2.1 Fighting
 - Level 6.4 Polearms
 - Level 0.6 Armour
 - Level 2.6 Dodging
 * Level 0.2 Shields
 - Level 3.5 Spellcasting
 - Level 3.4 Charms


You had 8 spell levels left.
You knew the following spells:

 Your Spells              Type           Power        Failure   Level  Hunger
a - Infusion              Chrm           ##..         12%         1    #......
s - Song of Slaying       Chrm           ##......     19%         2    ##.....

Your spell library contained the following spells:

 Spells                   Type           Power        Failure   Level  Hunger
 Shroud of Golubria       Chrm/Tloc      #.....       36%         2    ##.....
 Regeneration             Chrm/Necr      #.........   58%         3    ###....
 Spectral Weapon          Hex/Chrm       #.......     58%         3    ###....


Dungeon Overview and Level Annotations

Branches:
Dungeon (4/15)
 Temple: D:4-7

Altars:
Cheibriados
Nemelex Xobeh
Xom


Message History

The hound bites you. The hound bites you. The hound bites you.
The hound bites you.
* * * LOW HITPOINT WARNING * * *
The hound bites you.
* * * LOW HITPOINT WARNING * * *
The hound bites you.
* * * LOW HITPOINT WARNING * * *
The hound barely misses you. The hound bites you.
* * * LOW HITPOINT WARNING * * *
There is an open door, spattered with blood here.
Your song is almost over.
The hound barely misses you. The hound bites you but does no damage.
The hound misses you.
Your song has ended.
The hound bites you.
You die...

#....##...# #.........#....#
#.........#....+
#....##...#....#
##+####...#....#
########.....<...#....#
##.....##....##...#....#
#.......#....##...#....####
#.......#...@.....'........
#.......#..h......#........
######.....##.g..##...#........
#...##.....##....##...#........
#...#.......g....######........
#...#.)..........#.............
#...#......#######.........####
#...'.....g#...............#
#...#####'##...............#


You could see a hound and 3 gnolls.

Vanquished Creatures
  A scorpion (D:4)
  3 adders
  An ooze (D:3)
  2 worms
  3 dart slugs
  2 leopard geckos (D:1)
  6 orcs
  3 ball pythons
  5 giant cockroaches (D:1)
  7 goblins
  14 hobgoblins
  2 jackals (D:2)
  11 kobolds
  6 bats
  2 frilled lizards
  4 rats
72 creatures vanquished.

Notes
Turn   | Place    | Note
-------+----------+-------------------------------------------
     0 | D:1      | Kagerus the Merfolk Skald began the quest for the Orb.
     0 | D:1      | Reached XP level 1. HP: 16/16 MP: 3/3
   151 | D:1      | Reached skill level 4 in Polearms
   151 | D:1      | Reached XP level 2. HP: 18/22 MP: 1/5
   568 | D:1      | Reached XP level 3. HP: 26/27 MP: 3/6
   635 | D:1      | Learned a level 2 spell: Song of Slaying
   984 | D:1      | Found an iron altar of Okawaru.
   986 | D:1      | Found an opulent altar of Gozag.
   986 | D:1      | Found a sparkling altar of Nemelex Xobeh.
  1050 | D:1      | Found a shimmering altar of Xom.
  1050 | D:1      | Found a stormy altar of Qazlal.
  1050 | D:1      | Found a glowing golden altar of the Shining One.
  1445 | D:2      | Reached XP level 4. HP: 11/33 MP: 8/8
  1945 | D:2      | Found a snail-covered altar of Cheibriados.
  2914 | D:3      | Reached skill level 5 in Polearms
  3161 | D:3      | Found a sparkling altar of Nemelex Xobeh.
  3336 | D:3      | Reached XP level 5. HP: 38/38 MP: 10/10
  3805 | D:4      | Reached skill level 6 in Polearms
  4066 | D:4      | Slain by a hound

Levels and vault maps discovered:
D:1:      grunt_arrival_crossed_arrows, layout_rooms, serial_forest,
          infiniplex_forest_lined_3_way, infiniplex_forest_clump_large,
          infiniplex_forest_join, infiniplex_forest_join, doesnt_xom_only_xom
D:2:      layout_basic, lemuel_round_altar
D:3:      layout_basic, chequers_serial_rivers_micro_a,
          hangedman_abyss_or_decor_stabs, dk_vineyard_1, lemuel_tele_altar
D:4:      layout_gridville, nicolae_qazlal_style_of_elements,
          nicolae_ru_path_of_blood, minmay_temple_entry_glassed_door,
          uniq_pikel, uniq_edmund, uniq_sigmund

Skill      XL: |  1  2  3  4  5 |
---------------+----------------+-----
Polearms       | 4 5 6 |  6.4
Spellcasting   | 3 |  3.5
Fighting       | |  2.1
Armour         | |  0.6
Dodging        | |  2.6
Shields        | |  0.2
Charms         | |  3.4

Action                   |  1- 3 |  4- 6 || total
-------------------------+-------+-------++-------
Melee: Spear             |   164 |   163 ||   327
 Cast: Infusion          |     4 |     6 ||    10
       Song of Slaying   |     1 |     1 ||     2
  Use: Potion            |       |     2 ||     2
       Scroll            |       |    11 ||    11
 Stab: Sleeping          |     1 |       ||     1
  Eat: Chunk             |     2 |     8 ||    10
Armor: Leather armour    |    23 |    28 ||    51
Dodge: Dodged            |    99 |    90 ||   189
